 Dungeon Crawl Stone Soup version 0.21.0-37-g46506fa (webtiles) character file.

86 JeffiDaFish the Skirmisher (level 4, 0/29 HPs)
             Began as a Gargoyle Fighter on Jan 31, 2018.
             Slain by Unforgiven's ghost (7 damage)
             ... on level 3 of the Dungeon.
             The game lasted 00:03:02 (1102 turns).

JeffiDaFish the Skirmisher (Gargoyle Fighter)       Turns: 1102, Time: 00:03:02

Health: 0/29       AC: 14    Str: 24    XL:     4   Next: 49%
Magic:  4/4        EV:  6    Int:  9    God:
Gold:   84         SH:  9    Dex: 10    Spells: 3/3 levels left

rFire    . . .     SeeInvis .   a - +1 flail
rCold    . . .     Gourm    .   c - +0 shield
rNeg     + . .     Faith    .   i - +0 chain mail
rPois    ∞         Spirit   .   (no helmet)
rElec    +         Reflect  .   (no cloak)
rCorr    .         Harm     .   (no gloves)
MR       .....                  e - +0 pair of boots
Stlth    ..........             (no amulet)
HPRegen  0.09/turn              (no ring)
MPRegen  0.09/turn              (no ring)

@: mighty
A: negative energy resistance 1, electricity resistance, unbreathing,
petrification resistance, rot immunity, AC +3
a: no special abilities


You were on level 3 of the Dungeon.
You were not hungry.

You visited 1 branch of the dungeon, and saw 3 of its levels.

You collected 84 gold pieces.

Inventory:

Hand Weapons
 a - a +1 flail (weapon)
Armour
 c - a +0 shield (worn)
 e - a +0 pair of boots (worn)
 i - a +0 chain mail (worn)
Scrolls
 h - 2 scrolls of identify
Potions
 b - a potion of resistance
Comestibles
 f - 7 rations
 g - 2 chunks of flesh


   Skills:
 + Level 3.9 Fighting
 + Level 3.1 Maces & Flails
 + Level 3.8 Armour
 + Level 0.7 Dodging
 + Level 3.8 Shields


You had 3 spell levels left.
You didn't know any spells.

Dungeon Overview and Level Annotations

Branches:
Dungeon (3/15)

Altars:

Annotations:
D:3 Unforgiven's ghost, amateur DrBe


Innate Abilities, Weirdness & Mutations

You are resistant to torment.
Your stone body is resilient. (AC +3)
You are immune to poison.
You resist negative energy. (rN+)
You are resistant to electric shocks. (rElec)
You can survive without breathing.
You are immune to petrification.
You are immune to rotting.


Message History

You closely miss Unforgiven's ghost.
Unforgiven's ghost is severely damaged.
The kobold hits you but does no damage. You block Unforgiven's ghost's attack.
You block the kobold's attack.
Your shield prevents you from hitting Unforgiven's ghost.
Unforgiven's ghost is severely damaged.
You block Unforgiven's ghost's attack. You block the kobold's attack.
You closely miss Unforgiven's ghost.
Unforgiven's ghost is severely damaged.
Unforgiven's ghost hits you.
* * * LOW HITPOINT WARNING * * *
The kobold hits you but does no damage.
You closely miss Unforgiven's ghost.
Unforgiven's ghost is severely damaged.
Unforgiven's ghost hits you but does no damage.
You block the kobold's attack. You block Unforgiven's ghost's attack.
You closely miss Unforgiven's ghost.
Unforgiven's ghost is severely damaged.
You block the kobold's attack. Unforgiven's ghost hits you!
You die...

..................#
..................#
..................#
..................#
.................##
................##
....###.#########
... ##.####### .#
#.@......#
#.WK.....#
#........#
#........#
...##.#### ###.# .#
... .. ... ..


You could see Unforgiven's ghost and a kobold.

Vanquished Creatures
  A gnoll (D:1)
  3 adders (D:2)
  3 dart slugs (D:1)
  6 bats
  3 giant cockroaches (D:1)
  5 goblins
  7 hobgoblins
  3 jackals (D:1)
  3 kobolds (D:1)
  A quokka (D:2)
  3 frilled lizards (D:1)
  6 rats (D:1)
44 creatures vanquished.

Notes
Turn   | Place    | Note
-------+----------+-------------------------------------------
     0 | D:1      | JeffiDaFish the Gargoyle Fighter began the quest for the Orb.
     0 | D:1      | Reached XP level 1. HP: 14/14 MP: 1/1
   161 | D:1      | Reached XP level 2. HP: 16/19 MP: 2/2
   313 | D:1      | Reached XP level 3. HP: 21/24 MP: 3/3
   849 | D:2      | Reached XP level 4. HP: 28/29 MP: 4/4
  1072 | D:2      | You fall through a shaft!
  1084 | D:3      | Noticed Unforgiven's ghost (amateur DrBe)
  1102 | D:3      | Slain by Unforgiven's ghost

Skill      XL: |  1  2  3  4 |
---------------+-------------+-----
Maces & Flails | 3 |  3.1
Fighting       | |  3.9
Armour         | |  3.8
Dodging        | |  0.7
Shields        | |  3.8

Action                   |  1- 3 |  4- 6 || total
-------------------------+-------+-------++-------
Melee: Flail             |   136 |    39 ||   175
  Use: Scroll            |     3 |       ||     3
       Potion            |     3 |     2 ||     5
  Eat: Chunk             |       |     1 ||     1
Armor: Scale mail        |    75 |       ||    75
       Chain mail        |    10 |    37 ||    47
Dodge: Dodged            |    45 |    13 ||    58
Block: Shield            |    67 |    27 ||    94
